 Dungeon Crawl Stone Soup version 0.21-a0-538-gd16b88a (webtiles) character file.

6638 tidbits the Magician (level 11, -1/72 HPs)
             Began as a Gnoll Earth Elementalist on Dec 15, 2017.
             Was a Priest of Cheibriados.
             Slain by an unseen horror (2 damage)
             ... on level 10 of the Dungeon.
             The game lasted 00:35:00 (3129 turns).

tidbits the Magician (Gnoll Earth Elementalist)     Turns: 3129, Time: 00:35:01

Health: -1/72      AC:  9    Str: 18 (19) XL:     11   Next: 2%
Magic:  20/22      EV: 19    Int: 30 (31) God:    Cheibriados [***...]
Gold:   446        SH:  7    Dex: 23 (24) Spells: 8/25 levels left

rFire    + . .     SeeInvis .   R - +7 Screaming Sword
rCold    . . .     Gourm    .   b - +0 buckler
rNeg     + + .     Faith    .   B - +0 robe
rPois    .         Spirit   .   E - +1 helmet {Int+3}
rElec    +         Reflect  .   C - scarf {repulsion}
rCorr    .         Harm     .   G - +2 pair of gloves "Foqy" {rElec rF+ rN++}
MR       .....                  F - +0 pair of boots
Stlth    ++++......             (no amulet)
HPRegen  0.22/turn              (no ring)
MPRegen  0.18/turn              (no ring)

@: repel missiles, very slow
A: distributed training, claws 1, fangs 1, deterioration 2, frail 1, strong nose
a: Bend Time, Temporal Distortion, Renounce Religion


You were on level 10 of the Dungeon.
You worshipped Cheibriados.
Cheibriados was most pleased with you.
You were not hungry.

You visited 1 branch of the dungeon, and saw 10 of its levels.
You also visited: Ossuary and Bailey.

You collected 446 gold pieces.

Inventory:

Hand Weapons
 a - a +2 whip of draining
   (You took it off a gnoll shaman on level 7 of the Dungeon)
 f - a +2 short sword of protection
   (You took it off a kobold on level 1 of the Dungeon)
 l - a +0 blowgun
 w - a +0 hand axe
 K - a +1 dagger of chaos
   (You took it off a crimson imp on level 5 of the Dungeon)
 P - a +0 war axe of flaming
   (You took it off an orc on level 7 of the Dungeon)
 R - the +7 Screaming Sword (weapon)
   (You found it on level 6 of the Dungeon)
 T - a +0 rapier of venom
   (You took it off a deep elf mage on level 9 of the Dungeon)
Missiles
 k - 38 poisoned needles
 t - 83 arrows
 M - a throwing net {!f}
 N - 80 stones (quivered)
Armour
 b - a +0 buckler (worn)
 h - a +0 pair of gloves
 B - a +0 robe (worn)
 C - a scarf of repulsion (worn)
   (You found it on level 2 of the Dungeon)
 E - a +1 helmet of intelligence (worn)
   (You found it in a bailey)
 F - a +0 pair of boots (worn)
 G - the +2 pair of gloves "Foqy" (worn) {rElec rF+ rN++}
   (You found it in a bailey)

   It protects you from fire.
   It insulates you from electricity.
   It greatly protects you from negative energy.
 V - +1 gold dragon scales
Wands
 j - a wand of flame (18)
 y - a wand of iceblast (2)
Scrolls
 i - a scroll of magic mapping {unknown}
 n - 2 scrolls of teleportation
 r - a scroll of immolation {unknown}
 s - a scroll of fear
 u - 3 scrolls of noise {unknown}
 x - a scroll of random uselessness {unknown}
 H - 7 scrolls of identify {unknown}
 J - 2 scrolls of enchant weapon {unknown}
 O - 2 scrolls of remove curse
 Q - a scroll of fog {unknown}
 U - 2 scrolls of blinking
Potions
 c - 3 potions of lignification
 g - a potion of heal wounds
 o - 3 potions of curing
 q - a potion of brilliance {unknown}
 v - a potion of agility {unknown}
 z - a potion of invisibility {unknown}
 A - a potion of might {unknown}
 D - a potion of haste {unknown}
 I - a potion of cancellation {unknown}
 L - a potion of flight {unknown}
Books
 e - a book of Geomancy

   Spells                             Type                      Level
   a - Sandblast                      Earth                        1
   b - Passwall                       Transmutation/Earth          2
   c - Stone Arrow                    Conjuration/Earth            3
   d - Petrify                        Transmutation/Earth          4
   e - Lee's Rapid Deconstruction     Earth                        5
 S - a book of Minor Magic
   (You found it on level 9 of the Dungeon)

   Spells                             Type                      Level
   a - Magic Dart                     Conjuration                  1
   b - Blink                          Translocation                2
   c - Call Imp                       Summoning                    2
   d - Slow                           Hexes                        2
   e - Conjure Flame                  Conjuration/Fire             3
   f - Mephitic Cloud                 Conjuration/Poison/Air       3
Comestibles
 d - 8 bread rations
 m - 4 meat rations
 p - 3 royal jellies


   Skills:
 + Level 5.7 Fighting
 + Level 5.7 Short Blades
 + Level 5.7 Long Blades
 + Level 5.7 Axes
 + Level 5.7 Maces & Flails
 + Level 5.7 Polearms
 + Level 5.7 Staves
 + Level 5.7 Slings
 + Level 5.7 Bows
 + Level 5.7 Crossbows
 + Level 5.7 Throwing
 + Level 5.7 Armour
 + Level 7.4 Dodging
 + Level 7.2 Stealth
 + Level 5.7 Shields
 + Level 5.7 Unarmed Combat
 + Level 7.7 Spellcasting
 + Level 4.7 Conjurations
 + Level 4.7 Hexes
 + Level 4.7 Charms
 + Level 4.7 Summonings
 + Level 4.7 Necromancy
 + Level 4.7 Translocations
 + Level 5.2 Transmutations
 + Level 4.7 Fire Magic
 + Level 4.7 Ice Magic
 + Level 4.7 Air Magic
 + Level 7.3 Earth Magic
 + Level 4.7 Poison Magic
 + Level 6.3 Invocations
 + Level 5.7 Evocations


You had 8 spell levels left.
You knew the following spells:

 Your Spells              Type           Power        Failure   Level  Hunger
a - Sandblast             Erth           ######       1%          1    None
b - Blink                 Tloc           N/A          1%          2    None
p - Petrify               Tmut/Erth      #####...     3%          4    #......
t - Stone Arrow           Conj/Erth      #####.       1%          3    None
w - Passwall              Tmut/Erth      #####.....   1%          2    None
D - Lee's Rapid Deconstr  Erth           ######....   6%          5    ####...


Dungeon Overview and Level Annotations

Branches:
Dungeon (10/15)               Orc (0/2) D:9
 Temple: D:4-7         Lair: D:8-11

Altars:
Cheibriados
Hepliaklqana
Kikubaaqudgha
Makhleb
Okawaru
Vehumet
Wu Jian
Xom


Innate Abilities, Weirdness & Mutations

Your experience applies equally to all skills.
You have very sharp teeth.
Your uncanny sense of smell can sniff out nearby items.
You have sharp fingernails.
Your body often deteriorates upon taking damage.
You are frail. (-10% HP)


Message History

There is something else lying underneath.
The floor.
You see here a scroll labeled QARIHILOF.
H - 7 scrolls labeled QARIHILOF (gained 1)
Casting: Sandblast
Confirm with . or Enter, or press ? or * to list all spells.
Aiming: Stone Arrow
Press: ? - help, Shift-Dir - straight line, f - adder
Aim: an adder (resting)
The stone arrow hits the adder.
The adder is almost dead.
Casting: Stone Arrow
Confirm with . or Enter, or press ? or * to list all spells.
Aiming: Sandblast
Press: ? - help, Shift-Dir - straight line, f/p - adder
Aim: an adder (almost dead)
The blast of sand hits the adder.
You kill the adder!
Cheibriados thoroughly appreciates the change of pace.
N - 80 stones
Found a stone staircase leading down.
Found a trident.
The Singing Sword emits a flourish of trumpets.
Found a potion of lignification.
There is a stone staircase leading down here.
You climb downwards.
Found five items.
Found a stone staircase leading down.
There is a stone staircase leading up here.
Found 9 gold pieces.
A wight comes into view. It is wielding an enchanted scimitar.
A yak comes into view.
You see here a cyan potion.
Casting: Sandblast
Confirm with . or Enter, or press ? or * to list all spells.
Aiming: Stone Arrow
Press: ? - help, Shift-Dir - straight line, f - wight
Aim: a wight, wielding an enchanted scimitar and wearing a robe (hasn't noticed you)
The stone arrow hits the wight.
The wight is severely damaged.
The yak bellows!
The Screaming Sword does a drum roll.
You hear a bellow!
A two-headed ogre and 2 wights come into view.
A wight comes into view. It is wielding a flail.
Evoke which item? (* to show all) (? for menu, Esc to quit)
Okay, then.
Something closely misses you. You block something's attack.
The wight completely misses you.
A yak and a wight come into view.
The wight is wielding a hand axe of flaming.
The Screaming Sword clamours like a irate frog.
The monsters around you reel from the noise!
The yak bellows!
You hear a bellow! x2; You hear a shout! x8
Something hits you but does no damage.
The wight hits you with an enchanted scimitar!
Your body deteriorates!
You feel dopey. You partially resist.
You feel drained.
The Screaming Sword makes a twanging sound.
The monsters around you reel from the noise!
You destroy the wight!
Cheibriados thoroughly appreciates the change of pace.
You have reached level 11!
You hear a bellow!
Something hits you but does no damage. 2 yaks come into view.
You closely miss something. Something misses you.
The yak completely misses you.
You slash something!
The Screaming Sword screams, "CARNAGE NOT CANTRIPS!"
The monsters around you reel from the noise!
You hear a shout! x3; You hear an angry hiss. x2
Something hits you. The yak completely misses you.
You riposte.
You slash the yak!
The yak is almost dead.
Something hits you!
You hit the wight.
The wight is severely damaged.
The Screaming Sword shouts, "Kill!
Crush!
Destroy!"
The monsters around you reel from the noise!
Something hits you! The yak barely misses you. The wight misses you.
You riposte.
You barely miss the wight.
The wight is severely damaged.
You block the wight's attack. You block the yak's attack.
The wight hits you with a hand axe of flaming.
You hit the wight but do no damage. You bite the wight, but do no damage.
The wight is almost destroyed.
The Screaming Sword applauds itself.
The monsters around you reel from the noise!
You kill the yak!
Cheibriados thoroughly appreciates the change of pace.
Your life force feels restored.
You hear a shout!
The two-headed ogre hits you with a giant spiked club!!
* * * LOW HITPOINT WARNING * * *
Your body deteriorates!
You feel weakened.
The two-headed ogre hits you with a dire flail!
* * * LOW HITPOINT WARNING * * *
Your body deteriorates!
You feel clumsy. Something hits you.
You die...

######### #.........
#.......... $#
#.......... ...
#.......... .)..
#..........
.....######..........
.........O...........
.......z@†z..........
........zz...!.......
........Y.Y.......###
.......[..Y.....$.#
.....$............+
..........>.......#
......####+##.....#
...[.. #.....# .....
##....#


You could see a two-headed ogre, 3 yaks and 4 wights.

Vanquished Creatures
  A two-headed ogre (D:8)
  2 orc knights (Bailey)
  Pikel (D:6)
  A deep elf mage (D:9)
  A hornet (D:8)
  A hippogriff (D:9)
  A yak (D:10)
  Eustachio (D:4)
  6 orc warriors
  An ice beast (D:7)
  A sky beast (D:7)
  A black bear (D:6)
  8 ogres (D:7)
  A phantom (D:6)
  3 centaurs (D:7)
  2 bullfrogs
  3 big kobolds (D:7)
  4 scorpions
  6 wights
  4 crimson imps
  A centaur zombie (D:8)
  A jelly (D:9)
  2 orc priests
  7 hounds
  2 orc wizards (D:5)
  3 gnoll shamans
  An iguana (D:7)
  2 worker ants
  A hound skeleton (D:9)
  12 gnolls
  A howler monkey skeleton (D:5)
  5 adders
  A shadow imp (D:5)
  An adder skeleton (D:6)
  3 adder zombies
  2 worms (D:5)
  3 leopard geckos
  11 orcs
  3 giant cockroaches
  7 goblins
  2 hobgoblins
  6 jackals
  13 kobolds
  2 ball python skeletons (Ossuary)
  9 bats
  5 frilled lizards
  A hobgoblin skeleton (Ossuary)
  2 kobold zombies (Ossuary)
  2 orc zombies (Ossuary)
  A quokka skeleton (D:9)
  A rat (D:2)
  4 fungi
166 creatures vanquished.

Vanquished Creatures (others)
  A water moccasin (D:6)
  3 fungi
  A plant (D:7)
5 creatures vanquished.

Grand Total: 171 creatures vanquished

Notes
Turn   | Place    | Note
-------+----------+-------------------------------------------
     0 | D:1      | tidbits the Gnoll Earth Elementalist began the quest for the Orb.
     0 | D:1      | Reached XP level 1. HP: 13/13 MP: 6/6
   192 | D:1      | Reached skill level 2 in Transmutations
   233 | D:1      | Reached XP level 2. HP: 19/19 MP: 3/7
   240 | D:1      | Learned a level 2 spell: Passwall
   362 | D:3      | Found an iron altar of Okawaru.
   450 | D:3      | Reached XP level 3. HP: 25/25 MP: 6/9
   455 | D:3      | Reached skill level 5 in Spellcasting
   474 | D:3      | Learned a level 3 spell: Stone Arrow
   586 | D:4      | Reached skill level 1 in Invocations
   644 | D:4      | Noticed Eustachio
   655 | D:4      | Killed Eustachio
   655 | D:4      | Reached skill level 1 in Fighting
   655 | D:4      | Reached skill level 1 in Short Blades
   655 | D:4      | Reached skill level 1 in Long Blades
   655 | D:4      | Reached skill level 1 in Axes
   655 | D:4      | Reached skill level 1 in Maces & Flails
   655 | D:4      | Reached skill level 1 in Polearms
   655 | D:4      | Reached skill level 1 in Staves
   655 | D:4      | Reached skill level 1 in Slings
   655 | D:4      | Reached skill level 1 in Bows
   655 | D:4      | Reached skill level 1 in Crossbows
   655 | D:4      | Reached skill level 1 in Throwing
   655 | D:4      | Reached skill level 1 in Armour
   655 | D:4      | Reached skill level 1 in Shields
   655 | D:4      | Reached skill level 1 in Unarmed Combat
   655 | D:4      | Reached skill level 1 in Conjurations
   655 | D:4      | Reached skill level 1 in Hexes
   655 | D:4      | Reached skill level 1 in Charms
   655 | D:4      | Reached skill level 1 in Summonings
   655 | D:4      | Reached skill level 1 in Necromancy
   655 | D:4      | Reached skill level 1 in Translocations
   655 | D:4      | Reached skill level 1 in Fire Magic
   655 | D:4      | Reached skill level 1 in Ice Magic
   655 | D:4      | Reached skill level 1 in Air Magic
   655 | D:4      | Reached skill level 1 in Poison Magic
   655 | D:4      | Reached skill level 1 in Evocations
   655 | D:4      | Reached XP level 4. HP: 30/32 MP: 7/11
   655 | D:4      | Reached XP level 5. HP: 35/37 MP: 7/12
   739 | D:4      | Found a sand-covered staircase.
   789 | Ossuary  | Entered an ossuary
   845 | Ossuary  | Reached skill level 2 in Invocations
   845 | Ossuary  | Reached XP level 6. HP: 14/44 MP: 9/13
   880 | Ossuary  | Noticed a flying skull
   880 | Ossuary  | Noticed a wraith
   891 | Ossuary  | Noticed a flying skull
  1072 | D:5      | Entered Level 5 of the Dungeon
  1205 | D:5      | Found a burning altar of Makhleb.
  1205 | D:5      | Found a shimmering altar of Xom.
  1231 | D:6      | Reached skill level 5 in Dodging
  1234 | D:6      | Reached skill level 2 in Fighting
  1234 | D:6      | Reached skill level 2 in Short Blades
  1234 | D:6      | Reached skill level 2 in Long Blades
  1234 | D:6      | Reached skill level 2 in Axes
  1234 | D:6      | Reached skill level 2 in Maces & Flails
  1234 | D:6      | Reached skill level 2 in Polearms
  1234 | D:6      | Reached skill level 2 in Staves
  1234 | D:6      | Reached skill level 2 in Slings
  1234 | D:6      | Reached skill level 2 in Bows
  1234 | D:6      | Reached skill level 2 in Crossbows
  1234 | D:6      | Reached skill level 2 in Throwing
  1234 | D:6      | Reached skill level 2 in Armour
  1234 | D:6      | Reached skill level 2 in Shields
  1234 | D:6      | Reached skill level 2 in Unarmed Combat
  1234 | D:6      | Reached skill level 2 in Evocations
  1291 | D:5      | Found an ancient bone altar of Kikubaaqudgha.
  1305 | D:5      | Learned a level 4 spell: Petrify
  1354 | D:5      | Reached XP level 7. HP: 16/50 MP: 7/15
  1564 | D:6      | Reached skill level 2 in Conjurations
  1564 | D:6      | Reached skill level 2 in Hexes
  1564 | D:6      | Reached skill level 2 in Charms
  1564 | D:6      | Reached skill level 2 in Summonings
  1564 | D:6      | Reached skill level 2 in Necromancy
  1564 | D:6      | Reached skill level 2 in Translocations
  1564 | D:6      | Reached skill level 2 in Fire Magic
  1564 | D:6      | Reached skill level 2 in Ice Magic
  1564 | D:6      | Reached skill level 2 in Air Magic
  1564 | D:6      | Reached skill level 2 in Poison Magic
  1578 | D:6      | Reached skill level 3 in Transmutations
  1587 | D:6      | HP: 4/51 [scorpion (7)]
  1599 | D:6      | Reached skill level 5 in Stealth
  1640 | D:7      | Found a snail-covered altar of Cheibriados.
  1642 | D:7      | Found a radiant altar of Vehumet.
  1651 | D:7      | Became a worshipper of Cheibriados the Contemplative
  1693 | D:7      | Reached skill level 3 in Invocations
  1735 | D:7      | Reached XP level 8. HP: 53/57 MP: 2/16
  1775 | D:7      | Reached skill level 6 in Earth Magic
  1794 | D:7      | Reached skill level 3 in Fighting
  1794 | D:7      | Reached skill level 3 in Short Blades
  1794 | D:7      | Reached skill level 3 in Long Blades
  1794 | D:7      | Reached skill level 3 in Axes
  1794 | D:7      | Reached skill level 3 in Maces & Flails
  1794 | D:7      | Reached skill level 3 in Polearms
  1794 | D:7      | Reached skill level 3 in Staves
  1794 | D:7      | Reached skill level 3 in Slings
  1794 | D:7      | Reached skill level 3 in Bows
  1794 | D:7      | Reached skill level 3 in Crossbows
  1794 | D:7      | Reached skill level 3 in Throwing
  1794 | D:7      | Reached skill level 3 in Armour
  1794 | D:7      | Reached skill level 3 in Shields
  1794 | D:7      | Reached skill level 3 in Unarmed Combat
  1794 | D:7      | Reached skill level 3 in Evocations
  1817 | D:7      | Gained mutation: Your body sometimes deteriorates upon taking damage. [mutagenic meat]
  1818 | D:7      | Gained mutation: You have sharp fingernails. [mutagenic meat]
  1819 | D:7      | Gained mutation: Your body often deteriorates upon taking damage. [mutagenic meat]
  1820 | D:7      | Gained mutation: You are frail. (-10% HP) [mutagenic meat]
  1887 | D:7      | Reached skill level 6 in Spellcasting
  1940 | D:7      | Reached * piety under Cheibriados
  1958 | D:7      | Reached skill level 3 in Conjurations
  1958 | D:7      | Reached skill level 3 in Hexes
  1958 | D:7      | Reached skill level 3 in Charms
  1958 | D:7      | Reached skill level 3 in Summonings
  1958 | D:7      | Reached skill level 3 in Necromancy
  1958 | D:7      | Reached skill level 3 in Translocations
  1958 | D:7      | Reached skill level 3 in Fire Magic
  1958 | D:7      | Reached skill level 3 in Ice Magic
  1958 | D:7      | Reached skill level 3 in Air Magic
  1958 | D:7      | Reached skill level 3 in Poison Magic
  1958 | D:7      | Reached skill level 4 in Invocations
  1963 | D:7      | Reached skill level 6 in Dodging
  1963 | D:7      | Reached XP level 9. HP: 15/58 MP: 2/18
  2084 | D:6      | Found a hazy altar of Hepliaklqana.
  2085 | D:6      | Found an ornate altar of the Wu Jian Council.
  2102 | D:6      | Reached skill level 4 in Fighting
  2102 | D:6      | Reached skill level 4 in Short Blades
  2102 | D:6      | Reached skill level 4 in Long Blades
  2102 | D:6      | Reached skill level 4 in Axes
  2102 | D:6      | Reached skill level 4 in Maces & Flails
  2102 | D:6      | Reached skill level 4 in Polearms
  2102 | D:6      | Reached skill level 4 in Staves
  2102 | D:6      | Reached skill level 4 in Slings
  2102 | D:6      | Reached skill level 4 in Bows
  2102 | D:6      | Reached skill level 4 in Crossbows
  2102 | D:6      | Reached skill level 4 in Throwing
  2102 | D:6      | Reached skill level 4 in Armour
  2102 | D:6      | Reached skill level 4 in Shields
  2102 | D:6      | Reached skill level 4 in Unarmed Combat
  2102 | D:6      | Reached skill level 4 in Transmutations
  2102 | D:6      | Reached skill level 4 in Evocations
  2151 | D:6      | Found the +7 Singing Sword
  2210 | D:6      | Noticed Pikel
  2217 | D:6      | Killed Pikel
  2217 | D:6      | Reached skill level 6 in Stealth
  2304 | D:8      | Noticed a hornet
  2310 | D:8      | Killed a hornet
  2310 | D:8      | Reached skill level 5 in Invocations
  2317 | D:8      | Noticed a two-headed ogre
  2331 | D:8      | Killed a two-headed ogre
  2331 | D:8      | Reached skill level 7 in Spellcasting
  2331 | D:8      | Reached skill level 4 in Conjurations
  2331 | D:8      | Reached skill level 4 in Hexes
  2331 | D:8      | Reached skill level 4 in Charms
  2331 | D:8      | Reached skill level 4 in Summonings
  2331 | D:8      | Reached skill level 4 in Necromancy
  2331 | D:8      | Reached skill level 4 in Translocations
  2331 | D:8      | Reached skill level 4 in Fire Magic
  2331 | D:8      | Reached skill level 4 in Ice Magic
  2331 | D:8      | Reached skill level 4 in Air Magic
  2331 | D:8      | Reached skill level 4 in Poison Magic
  2331 | D:8      | Reached XP level 10. HP: 12/65 MP: 10/20
  2335 | D:8      | Reached ** piety under Cheibriados
  2338 | D:8      | HP: 3/65 [orc priest/divine providence (15)]
  2456 | D:7      | Reached skill level 5 in Fighting
  2456 | D:7      | Reached skill level 5 in Short Blades
  2456 | D:7      | Reached skill level 5 in Long Blades
  2456 | D:7      | Reached skill level 5 in Axes
  2456 | D:7      | Reached skill level 5 in Maces & Flails
  2456 | D:7      | Reached skill level 5 in Polearms
  2456 | D:7      | Reached skill level 5 in Staves
  2456 | D:7      | Reached skill level 5 in Slings
  2456 | D:7      | Reached skill level 5 in Bows
  2456 | D:7      | Reached skill level 5 in Crossbows
  2456 | D:7      | Reached skill level 5 in Throwing
  2456 | D:7      | Reached skill level 5 in Armour
  2456 | D:7      | Reached skill level 5 in Shields
  2456 | D:7      | Reached skill level 5 in Unarmed Combat
  2456 | D:7      | Reached skill level 5 in Evocations
  2527 | D:7      | Reached skill level 7 in Earth Magic
  2627 | D:9      | Reached *** piety under Cheibriados
  2633 | D:9      | Found a staircase to the Orcish Mines.
  2717 | D:9      | Learned a level 2 spell: Blink
  2723 | D:9      | Learned a level 5 spell: Lee's Rapid Deconstruction
  2741 | D:9      | Noticed a deep elf mage
  2744 | D:9      | Killed a deep elf mage
  2744 | D:9      | Reached skill level 7 in Dodging
  2817 | D:9      | Found a flagged portal.
  2830 | Bailey   | Entered a bailey
  2924 | Bailey   | Noticed an orc knight
  2925 | Bailey   | Noticed an orc knight
  2939 | Bailey   | Reached skill level 5 in Transmutations
  2946 | Bailey   | Killed an orc knight
  2946 | Bailey   | Reached skill level 7 in Stealth
  2946 | Bailey   | Reached skill level 6 in Invocations
  2959 | Bailey   | Killed an orc knight
  3012 | Bailey   | Got a pair of scorched gloves
  3027 | Bailey   | Identified the +2 pair of gloves "Foqy" {rElec rF+ rN++} (You found it in a bailey)
  3113 | D:10     | Entered Level 10 of the Dungeon
  3121 | D:10     | Noticed a two-headed ogre
  3125 | D:10     | Reached XP level 11. HP: 57/72 MP: 19/22
  3129 | D:10     | HP: 1/72 [two-headed ogre/giant spiked club (11)]
  3129 | D:10     | Slain by an unseen horror

Vault maps used:
D:1:      dpeg_cavernosity
D:2:      old_standard_altar, tgw_trog, uniq_robin, uniq_terence
D:3:      overflow_temple_1_default
D:4:      nicolae_ossuary_entry_monument, uniq_eustachio
D:5:      grunt_temple_overflow_champion_of_chaos, kiku_gazebo_pond_becter,
          serial_corexii_hall, corexii_hall_statues_x, corexii_hall_statues_i,
          corexii_hall_statues_u, corexii_hall_statues_x, first_bread
D:6:      old_forge, gammafunk_temple_overflow_statue,
          minmay_temple_entry_glassed_door, uniq_menkaure, uniq_pikel
D:7:      kennysheep_seaside_town, nicolae_overflow_hidden_temple,
          grunt_ogre_cave
D:9:      nicolae_qazlal_eye_of_the_storm, elyvilon_altar_5, orc_0_dummy,
          enter_bailey_7, guppyfry_early_elven_hall
D:10:     serial_shops, nicolae_shop_waterfront
Ossuary:  ossuary_due_cavern
Bailey:   bailey_polearm_1, bailey

Skill      XL: |  1  2  3  4  5  6  7  8  9 10 |
---------------+-------------------------------+-----
Transmutations | 2 3 4 5 |  5.2
Spellcasting   | 5 6 7 |  7.7
Invocations    | 1 2 3 4 5 6 |  6.3
Fighting       | 1 2 3 4 5 |  5.7
Short Blades   | 1 2 3 4 5 |  5.7
Long Blades    | 1 2 3 4 5 |  5.7
Axes           | 1 2 3 4 5 |  5.7
Maces & Flails | 1 2 3 4 5 |  5.7
Polearms       | 1 2 3 4 5 |  5.7
Staves         | 1 2 3 4 5 |  5.7
Slings         | 1 2 3 4 5 |  5.7
Bows           | 1 2 3 4 5 |  5.7
Crossbows      | 1 2 3 4 5 |  5.7
Throwing       | 1 2 3 4 5 |  5.7
Armour         | 1 2 3 4 5 |  5.7
Shields        | 1 2 3 4 5 |  5.7
Unarmed Combat | 1 2 3 4 5 |  5.7
Conjurations   | 1 2 3 4 |  4.7
Hexes          | 1 2 3 4 |  4.7
Charms         | 1 2 3 4 |  4.7
Summonings     | 1 2 3 4 |  4.7
Necromancy     | 1 2 3 4 |  4.7
Translocations | 1 2 3 4 |  4.7
Fire Magic     | 1 2 3 4 |  4.7
Ice Magic      | 1 2 3 4 |  4.7
Air Magic      | 1 2 3 4 |  4.7
Poison Magic   | 1 2 3 4 |  4.7
Evocations     | 1 2 3 4 5 |  5.7
Dodging        | 5 6 7 |  7.4
Stealth        | 5 6 7 |  7.2
Earth Magic    | 6 7 |  7.3

Action                   |  1- 3 |  4- 6 |  7- 9 | 10-12 || total
-------------------------+-------+-------+-------+-------++-------
Melee: Short sword       |     3 |    67 |    56 |       ||   126
       Bite              |       |     6 |    17 |    13 ||    36
       Punch             |       |     2 |     4 |     3 ||     9
       Whip              |       |       |     1 |       ||     1
       War axe           |       |       |    38 |       ||    38
       Double sword      |       |       |    27 |    52 ||    79
 Fire: Blowgun           |     3 |       |       |       ||     3
 Cast: Sandblast         |    38 |    16 |    40 |    26 ||   120
       Stone Arrow       |       |     3 |    21 |     7 ||    31
       Passwall          |       |     1 |    14 |     5 ||    20
       Petrify           |       |     1 |     2 |     4 ||     7
       Blink             |       |       |       |     4 ||     4
       Lee's Rapid Decon |       |       |       |     1 ||     1
Evoke: Wand              |       |       |    21 |    15 ||    36
  Use: Scroll            |     1 |     2 |     2 |       ||     5
       Potion            |       |       |     4 |     4 ||     8
 Stab: Sleeping          |       |     8 |     4 |     2 ||    14
       Petrified         |       |     2 |     3 |       ||     5
       Petrifying        |       |     1 |       |       ||     1
  Eat: Chunk             |       |     1 |     6 |     3 ||    10
       Fruit             |       |       |     2 |       ||     2
Armor: Robe              |     1 |    18 |    35 |     8 ||    62
Dodge: Dodged            |     9 |    48 |   153 |    88 ||   298
       Deflected         |     3 |       |     8 |     4 ||    15
Block: Buckler           |       |       |       |    13 ||    13
       Rpst.: Double sword |       |       |     7 |    25 ||    32

Table legend:
 A = Spawn XP
 B = Non-spawn XP
 C = Spawn XP percentage of total XP
 D = Spawn monster count
 E = Non-spawn monster count
 F = Spawn count percentage of total count
 G = Total turns spent on level
                    A         B        C        D         E        F      G
               +---------+---------+-------+---------+---------+-------+---------
         Total |       0 |    9484 |   0.0 |       0 |     163 |   0.0 |  3129
               +---------+---------+-------+---------+---------+-------+---------
           D:1 |       0 |      14 |   0.0 |       0 |       9 |   0.0 |   290
           D:2 |       0 |       5 |   0.0 |       0 |       3 |   0.0 |    39
           D:3 |       0 |      27 |   0.0 |       0 |      15 |   0.0 |   324
           D:4 |       0 |     237 |   0.0 |       0 |       4 |   0.0 |   264
           D:5 |       0 |     319 |   0.0 |       0 |      17 |   0.0 |   433
           D:6 |       0 |    1452 |   0.0 |       0 |      19 |   0.0 |   306
           D:7 |       0 |    2672 |   0.0 |       0 |      47 |   0.0 |   625
           D:8 |       0 |    1417 |   0.0 |       0 |      13 |   0.0 |   189
           D:9 |       0 |    1020 |   0.0 |       0 |      16 |   0.0 |   242
          D:10 |       0 |     266 |   0.0 |       0 |       2 |   0.0 |    16
       Ossuary |       0 |      77 |   0.0 |       0 |      10 |   0.0 |   155
        Bailey |       0 |    1978 |   0.0 |       0 |       8 |   0.0 |   246
               +---------+---------+-------+---------+---------+-------+---------

Table legend:
 A = Turns spent in this place as a percentage of turns spent in the entire game.
 B = Non-inter-level travel turns spent in this place as a percentage of non-inter-level travel turns spent in the entire game.
 C = Inter-level travel turns spent in this place as a percentage of turns spent in this place.
 D = Turns resting spent in this place as a percentage of non-inter-level travel turns spent in this place.
 E = Turns spent auto-exploring this place as a percentage of non-inter-level travel turns spent in this place.
 F = Non-inter-level travel turns spent in this place divided by the number of levels of this place that you've seen.
                   A       B       C       D       E      F
               +-------+-------+-------+-------+-------+----------------------
         Total | 100.0 | 100.0 |   1.2 |   0.0 |   0.0 | 257.7
       Dungeon |  87.2 |  87.0 |   1.4 |   0.0 |   0.0 | 269.1
       Ossuary |   5.0 |   5.0 |   0.0 |   0.0 |   0.0 | 155.0
        Bailey |   7.9 |   8.0 |   0.0 |   0.0 |   0.0 | 246.0
               +-------+-------+-------+-------+-------+----------------------

Table legend:
 A = Kills in this place as a percentage of kills in entire the game.
 B = Kills by you in this place as a percentage of kills by you in the entire game.
 C = Kills by friends in this place as a percentage of kills by friends in the entire game.
 D = Other kills in this place as a percentage of other kills in the entire game.
 E = Experience gained in this place as a percentage of experience gained in the entire game.
 F = Experience gained in this place divided by the number of levels of this place that you have seen.
                   A       B       C       D       E      F
               +-------+-------+-------+-------+-------+----------------------
         Total | 100.0 | 100.0 |   N/A | 100.0 | 100.0 | 790.3
       Dungeon |  89.0 |  88.9 |   N/A | 100.0 |  78.3 | 742.9
       Ossuary |   6.1 |   6.2 |   N/A |   0.0 |   0.8 |  77.0
        Bailey |   4.9 |   4.9 |   N/A |   0.0 |  20.9 | 1978.0
               +-------+-------+-------+-------+-------+----------------------

Vault maps used:
D:1:      dpeg_cavernosity
D:2:      old_standard_altar, tgw_trog, uniq_robin, uniq_terence
D:3:      overflow_temple_1_default
D:4:      nicolae_ossuary_entry_monument, uniq_eustachio
D:5:      grunt_temple_overflow_champion_of_chaos, kiku_gazebo_pond_becter,
          serial_corexii_hall, corexii_hall_statues_x, corexii_hall_statues_i,
          corexii_hall_statues_u, corexii_hall_statues_x, first_bread
D:6:      old_forge, gammafunk_temple_overflow_statue,
          minmay_temple_entry_glassed_door, uniq_menkaure, uniq_pikel
D:7:      kennysheep_seaside_town, nicolae_overflow_hidden_temple,
          grunt_ogre_cave
D:9:      nicolae_qazlal_eye_of_the_storm, elyvilon_altar_5, orc_0_dummy,
          enter_bailey_7, guppyfry_early_elven_hall
D:10:     serial_shops, nicolae_shop_waterfront
Ossuary:  ossuary_due_cavern
Bailey:   bailey_polearm_1, bailey
